 Dungeon Crawl Stone Soup version 0.30-a0-223-gcb0039aa0c (webtiles) character file.

Game seed: 14530234749449154946

1128 gruber the Poker (level 8, -2/60 HPs)
             Began as a Gnoll Wanderer on Oct 9, 2022.
             Slain by a troll (7 damage)
             ... on level 6 of the Dungeon.
             The game lasted 00:05:46 (4135 turns).

gruber the Poker (Gnoll Wanderer)                   Turns: 4135, Time: 00:05:46

Health: -2/60      AC:  8    Str: 12    XL:     8   Next: 35%
Magic:  0/14       EV:  9    Int: 12    God:
Gold:   273        SH:  4    Dex: 13    Spells: 13/15 levels left

rFire   . . .      SeeInvis .    a - +2 spear
rCold   . . .      Faith    .    v - +0 buckler
rNeg    . . .      Spirit   +    b - +0 scale mail
rPois   +          Reflect  .    (no helmet)
rElec   .          Harm     .    (no cloak)
rCorr   .          Rampage  .    A - +0 pair of gloves
Will    .....                    (no boots)
Stlth   +.........               q - amulet of guardian spirit
HPRegen 0.30/turn                g - +4 ring of slaying
MPRegen 0.14/turn                B - ring of poison resistance

@: no status effects
A: fangs 1, strong nose, distributed training
a: no special abilities


You were on level 6 of the Dungeon.
You visited 1 branch of the dungeon, and saw 6 of its levels.

You collected 273 gold pieces.

Inventory:

Hand Weapons
 a - a +2 spear (weapon)
 u - the +6 war axe of Law {elec, *Corrode rElec rF+ rN+++}
   (You found it on level 3 of the Dungeon)

   It occasionally discharges a powerful burst of electricity upon striking a
   foe.
   rF:        It protects you from fire.
   rElec:     It insulates you from electricity.
   rN:        It renders you almost immune to negative energy.
   *Corrode:  It may corrode you when you take damage.
Missiles
 l - 9 poisoned darts (quivered)
Armour
 b - a +0 scale mail (worn)
 v - a +0 buckler (worn)
 A - a +0 pair of gloves (worn)
Jewellery
 g - a +4 ring of slaying (left hand)
 n - a ring of protection from fire
 q - an amulet of guardian spirit (around neck)
 t - a ring of ice
 B - a ring of poison resistance (right hand)
Wands
 y - a wand of roots (1)
Scrolls
 d - 4 scrolls of poison {unknown}
 e - 7 scrolls of identify {unknown}
 h - 4 scrolls of noise {unknown}
 i - 2 scrolls of acquirement {unknown}
 k - 2 scrolls of teleportation {unknown}
 o - a scroll of magic mapping {unknown}
 x - a scroll of butterflies {unknown}
 C - a scroll of fear {unknown}
 D - a scroll of immolation {unknown}
Potions
 c - 3 potions of attraction
 f - 2 potions of curing
 j - 2 potions of lignification {unknown}
 m - a potion of brilliance {unknown}
 p - a potion of ambrosia {unknown}
 r - a potion of degeneration {unknown}
 s - a potion of mutation {unknown}
 w - 3 potions of cancellation {unknown}
 z - 3 potions of flight {unknown}
 E - a potion of might {unknown}


   Skills:
 + Level 4.2 Fighting
 + Level 3.3 Short Blades
 + Level 3.3 Long Blades
 + Level 3.3 Axes
 + Level 3.3 Maces & Flails
 + Level 7.4 Polearms
 + Level 3.3 Staves
 + Level 3.3 Ranged Weapons
 + Level 3.3 Throwing
 + Level 4.2 Armour
 + Level 3.3 Dodging
 + Level 3.3 Stealth
 + Level 3.3 Shields
 + Level 3.3 Unarmed Combat
 + Level 4.4 Spellcasting
 + Level 2.7 Conjurations
 + Level 2.7 Hexes
 + Level 2.7 Summonings
 + Level 6.1 Necromancy
 + Level 2.7 Translocations
 + Level 2.7 Transmutations
 + Level 2.7 Fire Magic
 + Level 2.7 Ice Magic
 + Level 2.7 Air Magic
 + Level 2.7 Earth Magic
 + Level 2.7 Poison Magic
 + Level 4.5 Invocations
 + Level 3.3 Evocations


You had 13 spell levels left.
You knew the following spells:

 Your Spells              Type           Power      Damage    Failure   Level
a - Cigotuvi's Dreadful   Necr/Pois/Air  22%        N/A       38%         2

Your spell library contained the following spells:

 Spells                   Type           Power      Damage    Failure   Level
 Sublimation of Blood     Necr           17%        N/A       16%         2
 Apportation              Tloc           18%        N/A       38%         1
 Dispel Undead            Necr           17%        3d10      71%         4
 Alistair's Intoxication  Tmut/Pois      6%         N/A       100%        5
 Death Channel            Necr           8%         N/A       100%        6


Dungeon Overview and Level Annotations

Branches:
Dungeon (6/15)
 Temple: D:4-7

Altars:
Wu Jian
Yredelemnul

Shops:
D:4 !

Annotations:
D:6 2 runed translucent doors


Innate Abilities, Weirdness & Mutations

You have very sharp teeth.
Your uncanny sense of smell can sniff out nearby items.
Your experience applies equally to all skills.


Message History

The troll bites you but does no damage. You block the troll's attack.
The troll claws you.
You throw a poisoned dart. The poisoned dart hits the troll.
The troll looks as sick as possible!
The troll is lightly wounded.
You block the troll's attack. The troll closely misses you.
The troll claws you.
You throw a poisoned dart. The poisoned dart hits the troll.
The troll looks as sick as possible!
The troll is lightly wounded.
The troll bites you! You block the troll's attack.
The troll claws you but does no damage.
You hit the troll but do no damage.
The troll is lightly wounded.
The troll barely misses you. You block the troll's attack. The troll claws you.
You hit the troll.
The troll is moderately wounded.
The troll misses you. You block the troll's attack.
The troll barely misses you.
You hit the troll. You bite the troll.
The troll is moderately wounded.
You hit the troll.
The troll is heavily wounded.
The troll bites you! The troll barely misses you. You block the troll's attack.
You are too injured to fight recklessly!
You are too injured to fight recklessly!
You are too injured to fight recklessly!
You are too injured to fight recklessly!
You are too injured to fight recklessly!
You closely miss the troll.
The troll is severely wounded.
The troll bites you!
* * * LOW HITPOINT WARNING * * *
The troll closely misses you. x2
You closely miss the troll.
The troll is severely wounded.
The troll bites you!
* * * LOW HITPOINT WARNING * * *
The troll claws you but does no damage. The troll claws you!
You die...

...... .... .... ... #.
..# .. #.
.######.###.... #.
........T....#
##.#########@####.#.
#...................
###...............#.
#..†.................
###.######....#.....
#........+..........
##.#######.......... #.
#......................
#..####.....#..####.....


You could see a troll (very poisoned).

Vanquished Creatures
  An ice beast (D:6)
  2 black bears
  An ogre (D:4)
  A phantom (D:3)
  2 scorpions (D:6)
  3 hounds
  Natasha (thrice) (D:3)
  7 iguanas
  3 orc wizards
  6 adders
  A white imp (D:6)
  An ufetubus (D:4)
  2 adder zombies (D:3)
  A worm (D:3)
  4 dart slugs
  20 orcs
  2 bats
  7 endoplasms
  2 giant cockroaches (D:2)
  4 goblins
  5 hobgoblins
  2 quokkas
  6 ball pythons
  A frilled lizard (D:3)
  A giant cockroach zombie (D:3)
  A jackal zombie (D:3)
  7 kobolds
  A rat (D:1)
97 creatures vanquished.

Vanquished Creatures (others)
  An orc wizard (D:6)
1 creature vanquished.

Grand Total: 98 creatures vanquished

Notes
Turn   | Place    | Note
-------+----------+-------------------------------------------
     0 | D:1      | gruber the Gnoll Wanderer began the quest for the Orb.
     0 | D:1      | gruber set off with the following items: a +2 spear, a +0
                  | scale mail, a potion of attraction; and the following
                  | spells available to memorise: Sublimation of Blood,
                  | Cigotuvi's Dreadful Rot.
     0 | D:1      | Reached XP level 1. HP: 17/17 MP: 4/4
   133 | D:1      | Reached XP level 2. HP: 23/23 MP: 5/5
   658 | D:2      | Reached XP level 3. HP: 28/28 MP: 7/7
  1205 | D:2      | Reached skill level 1 in Short Blades
  1205 | D:2      | Reached skill level 1 in Long Blades
  1205 | D:2      | Reached skill level 1 in Axes
  1205 | D:2      | Reached skill level 1 in Maces & Flails
  1205 | D:2      | Reached skill level 1 in Staves
  1205 | D:2      | Reached skill level 1 in Ranged Weapons
  1205 | D:2      | Reached skill level 1 in Throwing
  1205 | D:2      | Reached skill level 1 in Dodging
  1205 | D:2      | Reached skill level 1 in Stealth
  1205 | D:2      | Reached skill level 1 in Shields
  1205 | D:2      | Reached skill level 1 in Unarmed Combat
  1205 | D:2      | Reached skill level 1 in Evocations
  1205 | D:2      | Reached XP level 4. HP: 12/34 MP: 2/8
  1326 | D:3      | Reached skill level 1 in Conjurations
  1326 | D:3      | Reached skill level 1 in Hexes
  1326 | D:3      | Reached skill level 1 in Summonings
  1326 | D:3      | Reached skill level 1 in Translocations
  1326 | D:3      | Reached skill level 1 in Transmutations
  1326 | D:3      | Reached skill level 1 in Fire Magic
  1326 | D:3      | Reached skill level 1 in Ice Magic
  1326 | D:3      | Reached skill level 1 in Air Magic
  1326 | D:3      | Reached skill level 1 in Earth Magic
  1326 | D:3      | Reached skill level 1 in Poison Magic
  1411 | D:3      | Found a faded altar of an unknown god.
  1539 | D:3      | Found a basalt altar of Yredelemnul.
  1546 | D:3      | Identified the +6 war axe of Law {elec, *Corrode rElec rF+
                  | rN+++}
  1555 | D:3      | Identified the +2 robe of Azuelyas {Regen+}
  1596 | D:3      | Reached XP level 5. HP: 40/40 MP: 9/9
  1660 | D:3      | Noticed Natasha
  1663 | D:3      | Killed Natasha
  1804 | D:3      | Found an ornate altar of the Wu Jian Council.
  1889 | D:3      | Noticed Natasha
  1897 | D:3      | Killed Natasha
  1936 | D:3      | Noticed Natasha
  1945 | D:3      | Killed Natasha
  1992 | D:4      | Noticed a black bear
  1992 | D:4      | Noticed a phantom
  2018 | D:3      | Killed a phantom
  2019 | D:3      | Reached XP level 6. HP: 41/47 MP: 8/11
  2022 | D:3      | Learned a level 2 spell: Cigotuvi's Dreadful Rot
  2310 | D:4      | Killed a black bear
  2349 | D:4      | Reached skill level 7 in Polearms
  2349 | D:4      | Reached XP level 7. HP: 52/52 MP: 9/12
  2577 | D:4      | Found Tiurhinu's Distillery.
  2898 | D:5      | Entered Level 5 of the Dungeon
  3749 | D:6      | Noticed a troll
  3794 | D:6      | Found a runed translucent gate.
  3795 | D:6      | Found a runed translucent gate.
  3920 | D:6      | Reached XP level 8. HP: 48/59 MP: 12/14
  4135 | D:6      | Slain by a troll

Illustrated notes

Levels and vault maps discovered:
D:1:      giann_wishing_wells, layout_basic, minmay_tetromino_s2
D:2:      layout_basic
D:3:      layout_rooms, nicolae_yredelemnul_corpse_copse,
          nicolae_wu_jian_wuxing_cycle, nicolae_ecumenical_oubliette,
          serial_park_tiny_2, hangedman_glass_teeth, uniq_natasha
D:4:      layout_loops_ring, serial_shops, nicolae_take_the_stairs,
          chequers_serial_rivers_room_b
D:5:      layout_loops_ring
D:6:      layout_basic, minmay_temple_entry_poolview, ebering_ghost_rock_garden,
          small_statue_intersection, minmay_door_square, guppyfry_shop_venom,
          uniq_blork_the_orc, uniq_edmund

Skill      XL: |  1  2  3  4  5  6  7 |
---------------+----------------------+-----
Short Blades   | 1 2 3 |  3.3
Long Blades    | 1 2 3 |  3.3
Axes           | 1 2 3 |  3.3
Maces & Flails | 1 2 3 |  3.3
Staves         | 1 2 3 |  3.3
Ranged Weapons | 1 2 3 |  3.3
Throwing       | 1 2 3 |  3.3
Dodging        | 1 2 3 |  3.3
Stealth        | 1 2 3 |  3.3
Shields        | 1 2 3 |  3.3
Unarmed Combat | 1 2 3 |  3.3
Spellcasting   | 3 4 |  4.4
Evocations     | 1 2 3 |  3.3
Conjurations   | 1 2 |  2.7
Hexes          | 1 2 |  2.7
Summonings     | 1 2 |  2.7
Translocations | 1 2 |  2.7
Transmutations | 1 2 |  2.7
Fire Magic     | 1 2 |  2.7
Ice Magic      | 1 2 |  2.7
Air Magic      | 1 2 |  2.7
Earth Magic    | 1 2 |  2.7
Poison Magic   | 1 2 |  2.7
Invocations    | 3 4 |  4.5
Fighting       | 3 4 |  4.2
Armour         | 3 4 |  4.2
Polearms       | 7 |  7.4
Necromancy     | 6 |  6.1

Action                   |  1- 3 |  4- 6 |  7- 9 || total
-------------------------+-------+-------+-------++-------
Melee: Spear             |    63 |   108 |   155 ||   326
       Bite              |     4 |    10 |    13 ||    27
Throw: Dart              |       |     2 |     9 ||    11
 Cast: Cigotuvi's Dreadf |       |       |     1 ||     1
  Use: Potion            |     1 |       |       ||     1
Armor: Scale mail        |    14 |    27 |    52 ||    93
Dodge: Dodged            |    19 |    31 |    34 ||    84
Block: Buckler           |       |     2 |    21 ||    23

Table legend: (Time is in decaauts)
 A = Elapsed time spent in this place.
 B = Non-inter-level travel time spent in this place.
 C = Inter-level travel time spent in this place.
 D = Time resting spent in this place.
 E = Time spent auto-exploring this place.
 F = Levels seen in this place.
 G = Mean time per level.
                   A        B        C        D        E       F      G
               +--------+--------+--------+--------+--------+-----+--------+
         Total |   4065 |   3859 |    206 |     11 |   3123 |   6 |  677.5 |
       Dungeon |   4065 |   3859 |    206 |     11 |   3123 |   6 |  677.5 |
               +--------+--------+--------+--------+--------+-----+--------+

Top non-repeatable levels by time:
     D:3: 836 daAuts
     D:4: 749 daAuts
     D:5: 694 daAuts
     D:2: 640 daAuts
     D:1: 634 daAuts
     D:6: 510 daAuts
